 Dungeon Crawl Stone Soup version 0.29.1-2-gbd0b4ee654 (webtiles) character file.

Game seed: 7883392526901024840

358 zeram the Sneak (level 6, -6/48 (55) HPs)
             Began as a Troll Brigand on Nov 23, 2022.
             Mangled by a wight
             ... wielding a +0 great sword
              (15 damage)
             ... in an ossuary.
             The game lasted 00:04:27 (2282 turns).

zeram the Sneak (Troll Brigand)                     Turns: 2282, Time: 00:04:28

HP:   -6/48 (55)    AC:  6    Str: 28    XL:     6   Next: 37%
MP:   5/5           EV: 10    Int:  7    God:
Gold: 207           SH:  0    Dex: 11    Spells: 5/5 levels left

rFire   . . .      SeeInvis .   i - +7 hand axe of Insomnia {freeze, Str+6}
rCold   . . .      Faith    .   (no shield)
rNeg    . . .      Spirit   .   b - +0 robe
rPois   .          Reflect  .   (helmet restricted)
rElec   .          Harm     .   c - +1 cloak
rCorr   .          Rampage  .   (gloves unavailable)
Will    +....                   (boots unavailable)
Stlth   ++........              (no amulet)
HPRegen 0.96/turn               m - ring of willpower
MPRegen 0.09/turn               (no ring)

@: heavily drained
A: large, unfitting armour, claws 3, regeneration 1, shaggy fur 1, tough skin 1
a: no special abilities


You were in an ossuary.
You visited 1 branch of the dungeon, and saw 4 of its levels.
You also visited: Ossuary.

You collected 207 gold pieces.

Inventory:

Hand Weapons
 a - a +3 dagger
 i - the +7 hand axe of Insomnia (weapon) {freeze, Str+6}
   (You found it on level 4 of the Dungeon)

   It freezes those it strikes, dealing additional cold damage.
   It can also slow down cold-blooded creatures.
   Str:       It affects your strength (+6).
Missiles
 d - 18 poisoned darts (quivered)
 e - 5 curare-tipped darts
Armour
 b - a +0 robe (worn)
 c - a +1 cloak (worn)
Jewellery
 m - a ring of willpower (left claw)
Wands
 f - a wand of flame (13)
 g - a wand of quicksilver (10)
Potions
 h - a potion of brilliance
 j - a potion of mutation


   Skills:
 - Level 1.5 Fighting
 + Level 3.4 Short Blades
 - Level 1.7 Throwing
 + Level 2.4 Dodging
 + Level 3.5 Stealth


You had 5 spell levels left.
You didn't know any spells.
Your spell library contained the following spells:

 Spells                   Type           Power      Damage    Failure   Level
 Slow                     Hex            0%         N/A       43%         1
 Sublimation of Blood     Necr           0%         N/A       56%         2
 Wereblood                Tmut           0%         N/A       56%         2
 Call Canine Familiar     Summ           0%         N/A       80%         3
 Confusing Touch          Hex            0%         N/A       80%         3
 Conjure Flame            Conj/Fire      0%         6-21      80%         3
 Dazzling Flash           Conj/Hex       0%         N/A       80%         3
 Ignite Poison            Fire/Tmut/Pois 0%         N/A       80%         3
 Ozocubu's Armour         Ice            0%         N/A       80%         3
 Portal Projectile        Hex/Tloc       0%         N/A       80%         3
 Vampiric Draining        Necr           0%         2d6       80%         3
 Iskenderun's Mystic Bla  Conj/Tloc      0%         2d3       99%         4
 Leda's Liquefaction      Hex/Erth       0%         N/A       99%         4
 Sticky Flame             Conj/Fire      0%         2d3       99%         4
 Metabolic Englaciation   Hex/Ice        0%         N/A       100%        5
 Simulacrum               Ice/Necr       0%         N/A       100%        6
 Starburst                Conj/Fire      0%         6d3       100%        6
 Summon Hydra             Summ           0%         N/A       100%        7


Dungeon Overview and Level Annotations

Branches:
Dungeon (4/15)            Ossuary (1/1)
 Temple: D:4-7

Altars:
Qazlal
Ru


Innate Abilities, Weirdness & Mutations

You are too large for most types of armour.
You have claws for hands.
Your natural rate of healing is unusually fast.
You are covered in fur. (AC +1)
You have tough skin. (AC +1)


Message History

You add the spells Slow, Vampiric Draining and Confusing Touch to your library.
Found a sand-covered staircase.
You now have 207 gold pieces (gained 17).
Found a long sword.
You see here the +7 hand axe of Insomnia {freeze, Str+6}.
You see here the +7 hand axe of Insomnia {freeze, Str+6}.
i - the +7 hand axe of Insomnia {freeze, Str+6} You feel stronger.
The +7 hand axe of Insomnia {freeze, Str+6} glows with a cold blue light!
i - the +7 hand axe of Insomnia (weapon)
{freeze, Str+6} You hear the slow hiss of an avalanche of sand.
There is a sand-covered staircase here.
The world spins around you as you enter the gateway.
You enter an ossuary!
Found a gate leading back out of this place.
There is an empty arch of ancient stone here.
There is an empty arch of ancient stone here.
You open the door.
There is an open door here.
You open the door.
A wight comes into view. It is wielding a +0 great sword.
A wight is nearby!
A wight is nearby!
A wight is nearby!
You barely miss the wight. The wight misses you.
You closely miss the wight. The wight barely misses you.
You barely miss the wight.
The wight hits you with a +0 great sword!
You feel drained.
You hit the wight but do no damage. The wight misses you.
The wight hits you with a +0 great sword!
You barely miss the wight. The wight barely misses you.
You hit the wight but do no damage.
The wight hits you with a +0 great sword!
* * * LOW HITPOINT WARNING * * *
You feel drained.
* * * LOW HITPOINT WARNING * * *
Okay, then.
The wight hits you with a +0 great sword!
You die...

##...## ##.....##
#.##....## ##
#.#......##.#
##.##......#'#+#+#+
#..#.......'.......
#..........#+#+#+#+
##......z.##
##....@.## ###...##
##...# #..### #.##
##.## ##.# #.# ##.#


You could see a wight.

Vanquished Creatures
  Sigmund (D:2)
  Jessica (D:3)
  Natasha (D:2)
  2 adders
  5 gnolls
  3 worms (D:2)
  6 orcs
  8 endoplasms
  2 giant cockroaches
  9 goblins
  4 hobgoblins (D:1)
  10 jackals
  2 quokkas
  5 ball pythons
  7 bats
  3 kobolds
  5 rats
74 creatures vanquished.

Vanquished Creatures (others)
  2 plants (D:1)
2 creatures vanquished.

Grand Total: 76 creatures vanquished

Notes
Turn   | Place    | Note
-------+----------+-------------------------------------------
     0 | D:1      | zeram the Troll Brigand began the quest for the Orb.
     0 | D:1      | Reached XP level 1. HP: 19/19 MP: 0/0
    57 | D:1      | Reached XP level 2. HP: 27/27 MP: 1/1
   444 | D:1      | Reached XP level 3. HP: 29/33 MP: 2/2
   471 | D:1      | Reached skill level 1 in Dodging
   485 | D:1      | Found a faded altar of an unknown god.
  1245 | D:2      | Noticed Sigmund
  1269 | D:2      | Killed Sigmund
  1270 | D:2      | Reached XP level 4. HP: 27/41 MP: 3/3
  1270 | D:2      | Reached XP level 5. HP: 32/48 MP: 4/4
  1483 | D:2      | Noticed Natasha
  1487 | D:2      | Killed Natasha
  1605 | D:3      | Noticed Jessica
  1608 | D:3      | Killed Jessica
  1609 | D:3      | Reached XP level 6. HP: 55/55 MP: 5/5
  1625 | D:3      | Found a sacrificial altar of Ru.
  2078 | D:3      | Found a stormy altar of Qazlal.
  2199 | D:4      | Found a sand-covered staircase.
  2209 | D:4      | Identified the +7 hand axe of Insomnia {freeze, Str+6}
  2237 | Ossuary  | Entered an ossuary
  2282 | Ossuary  | Mangled by a wight

Illustrated notes

Levels and vault maps discovered:
D:1:      saegor_arrival_under_anarchy, layout_basic,
          shapermc_ecumenical_altar_mp_urbaneastern,
          hangedman_decor_clover_reticule
D:2:      layout_loops_ring, uniq_sigmund, uniq_natasha
D:3:      layout_rooms, old_standard_altar, mainiacjoe_overflow_surrounded_room,
          grunt_ministairs_11, uniq_jessica
D:4:      layout_basic, enter_ossuary_1, grunt_ministairs_6
Ossuary:  ossuary_due_cavern

Skill      XL: |  1  2  3  4  5 |
---------------+----------------+-----
Dodging        | 2 |  2.4
Short Blades   | 2 3 |  3.4
Stealth        | 3 |  3.5
Fighting       | |  1.5
Throwing       | |  1.7

Action                   |  1- 3 |  4- 6 || total
-------------------------+-------+-------++-------
Melee: Dagger            |   138 |   127 ||   265
       Punch             |     2 |     2 ||     4
       Hand axe          |       |     6 ||     6
  Use: Potion            |     2 |     2 ||     4
       Scroll            |       |     5 ||     5
 Stab: Sleeping          |     7 |     7 ||    14
       Invisible         |       |     2 ||     2
Armor: Robe              |    56 |    55 ||   111
Dodge: Dodged            |    48 |    88 ||   136
